 Dungeon Crawl Stone Soup version 0.30.1-11-g7821555f0a (webtiles) character file.

Game seed: 15386691321714296709

169 Dordric the Shooter (level 5, -1/29 HPs)
             Began as a Kobold Hexslinger on Nov 1, 2023.
             Slain by a kobold brigand
             ... wielding a +0 short sword
              (3 damage)
             ... in a sewer.
             The game lasted 00:02:51 (1725 turns).

Dordric the Shooter (Kobold Hexslinger)             Turns: 1725, Time: 00:02:53

Health: -1/29      AC:  4    Str:  7    XL:     5   Next: 79%
Magic:  9/9        EV: 15    Int: 14    God:
Gold:   75         SH:  0    Dex: 18    Spells: 6/10 levels left

rFire   + . .        a - +1 sling
rCold   + . .        (no shield)
rNeg    . . .        c - +0 robe
rPois   +            (no helmet)
rElec   +            (no cloak)
rCorr   +            l - +0 pair of gloves
SInv    .            n - +0 pair of boots
Will    .....        (no amulet)
Stlth   +++          (no ring)
HPRegen 0.24/turn    (no ring)
MPRegen 0.11/turn

%: no passive effects
@: resistant, slowed, very slow
A: small, no large weapons, nightstalker 3
a: no special abilities


You were in a sewer.
You visited 1 branch of the dungeon, and saw 3 of its levels.
You also visited: Sewer.

You collected 75 gold pieces.

Inventory:

Hand Weapons
 a - a +1 sling (weapon)
Missiles
 k - a throwing net
Armour
 c - a +0 robe (worn)
 l - a +0 pair of gloves (worn)
 n - a +0 pair of boots (worn)
Scrolls
 b - a scroll of poison
 e - a scroll of teleportation {unknown}
 f - 4 scrolls of identify {unknown}
 g - a scroll of immolation {unknown}
 h - a scroll of silence {unknown}
 i - a scroll of summoning {unknown}
 o - 2 scrolls of noise {unknown}
 p - a scroll of vulnerability {unknown}
Potions
 d - a potion of curing {unknown}
 j - a potion of berserk rage {unknown}
 m - a potion of resistance


   Skills:
 - Level 1.1 Fighting
 + Level 4.7 Ranged Weapons
 - Level 2.4 Dodging
 + Level 3.0 Spellcasting
 + Level 4.2 Hexes


You had 6 spell levels left.
You knew the following spells:

 Your Spells              Type           Power      Damage    Failure   Level
a - Slow                  Hex            52%        N/A       3%          1
b - Inner Flame           Hex/Fire       8%         N/A       26%         3

Your spell library contained the following spells:

 Spells                   Type           Power      Damage    Failure   Level
 Portal Projectile        Hex/Tloc       16%        N/A       26%         3
 Cause Fear               Hex            6%         N/A       36%         4


Dungeon Overview and Level Annotations

Branches:
Dungeon (3/15)              Sewer (1/1)

Altars:


Innate Abilities, Weirdness & Mutations

You are small and have problems with some larger weapons.
You are completely attuned to the shadows.


Message History

A kobold is nearby!
You shoot a sling bullet. The sling bullet hits the kobold.
You kill the kobold!
You hear a shout!
A kobold brigand comes into view.
It is wielding a +0 short sword and quivering curare-tipped darts.
You shoot a sling bullet.
The sling bullet hits the kobold brigand but does no damage.
The kobold brigand throws a curare-tipped dart.
The curare-tipped dart hits you.
You are poisoned.
You have difficulty breathing.
You feel yourself slow down.
You shoot a sling bullet.
The sling bullet hits the kobold brigand!
The kobold brigand is moderately wounded.
You feel very sick.
The kobold brigand throws a curare-tipped dart.
The curare-tipped dart barely misses you.
You shoot a sling bullet.
The sling bullet barely misses the kobold brigand.
You feel very sick.
You shoot a sling bullet.
The sling bullet hits the kobold brigand but does no damage.
The kobold brigand is moderately wounded.
You feel sick. The kobold brigand misses you.
You shoot a sling bullet.
The sling bullet hits the kobold brigand.
The kobold brigand is moderately wounded.
You feel sick.
The kobold brigand hits you with a +0 short sword.
* * * LOW HITPOINT WARNING * * *
The kobold brigand hits you with a +0 short sword.
* * * LOW HITPOINT WARNING * * *
You are too injured to fight recklessly!
It was a potion of resistance.
You feel protected.
You feel sick.
You are no longer poisoned.
The kobold brigand hits you but does no damage.
The kobold brigand hits you with a +0 short sword.
You die...

#∩∩.#~≈~#
#...'~~~#
#####~≈~#
#~≈~#
#..∩.#~≈~#
#....#~≈~#
#!)!.#~≈~#
##'K##~~~#
#..@.#~≈~#
#...P#~≈~#
...P~~~~≈~#
#...P~~~≈~#
#...~P#~≈~#
....~~#~~~#
.....#~≈~#


You could see a kobold brigand.

Vanquished Creatures
  Natasha (thrice) (D:2)
  3 adders
  2 worms
  2 dart slugs
  An orc (D:3)
  7 ball pythons
  3 bats
  5 endoplasms
  A giant cockroach (D:3)
  6 goblins
  3 hobgoblins
  3 jackals (D:2)
  5 kobolds
  5 quokkas
  3 frilled lizards (D:1)
  6 rats
58 creatures vanquished.

Notes
Turn   | Place    | Note
-------+----------+-------------------------------------------
     0 | D:1      | Dordric the Kobold Hexslinger began the quest for the Orb.
     0 | D:1      | Reached XP level 1. HP: 12/12 MP: 2/2
    71 | D:1      | Reached XP level 2. HP: 16/16 MP: 4/4
   278 | D:1      | Reached XP level 3. HP: 20/20 MP: 5/5
   851 | D:2      | Noticed Natasha
   860 | D:2      | Killed Natasha
   861 | D:2      | Reached XP level 4. HP: 18/25 MP: 7/7
  1004 | D:2      | Noticed Natasha
  1007 | D:2      | Killed Natasha
  1041 | D:2      | Reached XP level 5. HP: 29/29 MP: 8/8
  1123 | D:2      | Noticed Natasha
  1129 | D:2      | Killed Natasha
  1539 | D:2      | Learned a level 3 spell: Inner Flame
  1691 | D:3      | Found a glowing drain.
  1700 | Sewer    | Entered a sewer
  1719 | Sewer    | Noticed a kobold brigand
  1725 | Sewer    | Slain by a kobold brigand

Illustrated notes

Levels and vault maps discovered:
D:1:      heliophobic_arrival_battle_scene, layout_basic
D:2:      layout_basic, uniq_natasha
D:3:      cheibrodos_greedy_goblins, layout_basic, mainiacjoe_overflow_catwalk,
          grunt_gozag_breadcrumbs, cheibrodos_sewer_entry_sluice,
          gammafunk_ghost_grave
Sewer:    kennysheep_pipe_town

Skill      XL: |  1  2  3  4  5 |
---------------+----------------+-----
Ranged Weapons | 3 4 |  4.7
Spellcasting   | 2 3 |  3.0
Hexes          | 4 |  4.2
Fighting       | |  1.1
Dodging        | |  2.4

Action                     |  1- 3 |  4- 6 || total
---------------------------+-------+-------++-------
   Fire: Sling             |    72 |    64 ||   136
   Cast: Slow              |       |     3 ||     3
    Use: Potion            |       |     1 ||     1
 Armour: Robe              |     4 |    10 ||    14
  Dodge: Dodged            |    14 |    25 ||    39
